 Dungeon Crawl Stone Soup version 0.31-a0-263-ge8cad7f256 (webtiles) character file.

Game seed: 2726633277254368741

65 Newt the Trooper (level 3, -12/30 HPs)
             Began as a Demonspawn Gladiator on July 13, 2023.
             Mangled by an ice beast (14 damage)
             ... on level 2 of the Dungeon.
             The game lasted 00:01:50 (1735 turns).

Newt the Trooper (Demonspawn Gladiator)             Turns: 1735, Time: 00:01:51

Health: -12/30     AC:  6    Str: 16    XL:     3   Next: 92%
Magic:  3/3        EV: 12    Int:  9    God:
Gold:   121        SH:  0    Dex: 14    Spells: 2/2 levels left

rFire   . . .        e - +2 dagger (venom)
rCold   . . .        (no shield)
rNeg    . . .        b - +0 leather armour
rPois   .            c - +0 helmet
rElec   .            (no cloak)
rCorr   .            (no gloves)
SInv    .            r - +1 pair of boots
Will    .....        (no amulet)
Stlth   ++           (no ring)
HPRegen 0.25/turn    (no ring)
MPRegen 0.08/turn

%: no passive effects
@: mighty
A: powered by pain 1
a: no special abilities


You were on level 2 of the Dungeon.
You visited 1 branch of the dungeon, and saw 3 of its levels.

You collected 121 gold pieces.

Inventory:

Hand Weapons
 a - a +0 rapier
 e - a +2 dagger of venom (weapon)
 f - a +2 dagger of freezing
Missiles
 d - a throwing net (quivered)
 g - 5 boomerangs
 h - a javelin
Armour
 b - a +0 leather armour (worn)
 c - a +0 helmet (worn)
 r - a +1 pair of boots (worn)
Jewellery
 p - a +6 ring of dexterity
Scrolls
 o - a scroll of identify {unknown}
 q - a scroll of amnesia {unknown}
Potions
 i - a potion of invisibility {unknown}
 j - a potion of lignification {unknown}
 k - 3 potions of curing {unknown}
 l - a potion of enlightenment {unknown}
 m - a potion of attraction {unknown}
 n - a potion of degeneration {unknown}


   Skills:
 - Level 4.0 Fighting
 - Level 2.6 Short Blades
 - Level 1.7 Throwing
 - Level 2.6 Dodging
 + Level 1.2 Stealth


You had 2 spell levels left.
You didn't know any spells.
Your spell library was empty.

Dungeon Overview and Level Annotations

Branches:
Dungeon (3/15)

Altars:
Gozag
Hepliaklqana
Kikubaaqudgha


Innate Abilities, Weirdness & Mutations

You sometimes gain a little power by taking damage.


Message History

An ice beast is nearby!
You hit the ice beast.
You punch the ice beast, but do no damage.
The ice beast is moderately wounded.
The ice beast hits you but does no damage.
You hit the ice beast.
The ice beast is moderately wounded.
The ice beast closely misses you.
You completely miss the ice beast.
The ice beast is moderately wounded.
The ice beast hits you but does no damage.
You hit the ice beast but do no damage.
The ice beast is moderately wounded.
The ice beast hits you. The ice beast freezes you!
You focus on the pain.
You feel very mighty all of a sudden.
You hit the ice beast. You punch the ice beast!
The ice beast is severely wounded.
The ice beast hits you. The ice beast freezes you!
* * * LOW HITPOINT WARNING * * *
Throw: 4 throwing nets
Press: ? - help, Q - select action, (/) - cycle Shift-Dir - straight line, f - ice beast
Aim: an ice beast (severely wounded, 60% to hit)
You throw a throwing net.
The throwing net barely misses the ice beast.
The ice beast hits you but does no damage.
Throw: 3 throwing nets
Press: ? - help, Q - select action, (/) - cycle Shift-Dir - straight line, f/p - ice beast
Aim: an ice beast (severely wounded, 60% to hit)
You throw a throwing net.
The throwing net barely misses the ice beast.
The ice beast hits you but does no damage.
Throw: 2 throwing nets
Press: ? - help, Q - select action, (/) - cycle Shift-Dir - straight line, f/p - ice beast
Aim: an ice beast (severely wounded, 60% to hit)
You throw a throwing net.
The throwing net closely misses the ice beast.
The ice beast hits you.
* * * LOW HITPOINT WARNING * * *
The ice beast freezes you!
You die...

.......# #.#####.###.##.....
.#####.# #.#####.# #.#####.#
.#####.########.......#
#.#......
.##(.......##...#######
#.#...#.# .##.##.###....#.#
#.#...#.# ....##.# ####...#
#.......# .......# ##.######
###...###
#############....>..## #...#
†#
#.....##...@Y..(######...###
.#
#.....##....................
.#
#...........................
.#
#.....##.#...#..............
.#
#.....##........####.#.^.#<#
.# ########........#
#.#...#.# .# #.#..##..#
#.#...#.# .#
#########.#......# #........
#####.......#.##.##.##
#.....#..


You could see an ice beast.

Vanquished Creatures
  Robin (D:2)
  2 ball pythons (D:1)
  6 endoplasms
  2 giant cockroaches
  11 goblins (D:2)
  8 hobgoblins
  2 jackals (D:2)
  A kobold (D:1)
  2 quokkas (D:1)
  4 bats
  A frilled lizard (D:2)
  5 rats
45 creatures vanquished.

Notes
Turn   | Place    | Note
-------+----------+-------------------------------------------
     0 | D:1      | Newt the Demonspawn Gladiator began the quest for the Orb.
     0 | D:1      | Reached XP level 1. HP: 16/16 MP: 1/1
   250 | D:1      | Found a faded altar of an unknown god.
   326 | D:1      | Gained mutation: You sometimes gain a little power by
                  | taking damage. [demonic ancestry]
   326 | D:1      | Reached XP level 2. HP: 23/23 MP: 2/2
   498 | D:1      | Reached skill level 3 in Fighting
   915 | D:2      | Noticed Robin
   944 | D:2      | Reached XP level 3. HP: 13/29 MP: 3/3
   969 | D:2      | Killed Robin
   970 | D:2      | Reached skill level 4 in Fighting
  1161 | D:2      | Reached skill level 1 in Stealth
  1719 | D:3      | Noticed an ice beast
  1719 | D:3      | Found an ancient bone altar of Kikubaaqudgha.
  1719 | D:3      | Found an opulent altar of Gozag.
  1719 | D:3      | Found a hazy altar of Hepliaklqana.
  1735 | D:2      | Mangled by an ice beast

Illustrated notes

Levels and vault maps discovered:
D:1:      ncdulo_watergridlock, layout_loops_corners, serial_shops, shop_statue,
          hellmonk_ecumenical_altar_run_dry, minmay_splitting_lines,
          minmay_tiny_reverse_x
D:2:      layout_loops_cross, uniq_robin
D:3:      minmay_evil_eye, layout_basic,
          chequers_temple_overflow_statue_of_worship,
          mainiacjoe_overflow_surrounded_room, kennysheep_minor_cross

Skill      XL: |  1  2  3 |
---------------+----------+-----
Fighting       | 3 4 |  4.0
Stealth        | 1 |  1.2
Short Blades   | |  2.6
Throwing       | |  1.7
Dodging        | |  2.6

Action                     || total
---------------------------++-------
  Melee: Rapier            ||    48
         Punch             ||     3
         Dagger            ||    65
  Throw: Javelin           ||     1
         Throwing net      ||     4
    Use: Scroll            ||     2
   Stab: Sleeping          ||     2
         Held in net/web   ||     1
 Armour: Leather armour    ||    33
  Dodge: Dodged            ||    68

Table legend: (Time is in decaauts)
 A = Elapsed time spent in this place.
 B = Non-inter-level travel time spent in this place.
 C = Inter-level travel time spent in this place.
 D = Time resting spent in this place.
 E = Time spent auto-exploring this place.
 F = Levels seen in this place.
 G = Mean time per level.
                   A        B        C        D        E       F      G
               +--------+--------+--------+--------+--------+-----+--------+
         Total |   1729 |   1640 |     89 |    120 |   1250 |   3 |  576.3 |
       Dungeon |   1729 |   1640 |     89 |    120 |   1250 |   3 |  576.3 |
               +--------+--------+--------+--------+--------+-----+--------+

Top non-repeatable levels by time:
     D:2: 868 daAuts
     D:1: 855 daAuts
     D:3: 5 daAuts
